 Dungeon Crawl Stone Soup version 0.30.0-15-g856e2d3f33 (webtiles) character file.

Game seed: 1888691392659119127

3042 Edyrem the Covert (level 10, -1/63 HPs)
             Began as a Kobold Monk on May 20, 2023.
             Slain by a troll (5 damage)
             ... on level 6 of the Dungeon.
             The game lasted 00:14:53 (6918 turns).

Edyrem the Covert (Kobold Monk)                     Turns: 6918, Time: 00:14:53

Health: -1/63      AC: 10    Str:  8    XL:     10   Next: 11%
Magic:  0/10       EV: 16    Int: 11    God:
Gold:   239        SH:  0    Dex: 21    Spells: 9/9 levels left

rFire   . . .        a - +0 rapier (vamp)
rCold   . . .        (no shield)
rNeg    . . .        e - +3 leather armour
rPois   +            (no helmet)
rElec   .            (no cloak)
rCorr   .            (no gloves)
SInv    .            v - +1 pair of boots
Will    +....        h - amulet of guardian spirit
Stlth   ++++++       D - ring of poison resistance
HPRegen 0.30/turn    (no ring)
MPRegen 0.12/turn

%: guardian spirit
@: no status effects
A: small, no large weapons, nightstalker 3, dopey 1, strong-willed 1, shaggy fur
1
a: no special abilities


You were on level 6 of the Dungeon.
You visited 1 branch of the dungeon, and saw 6 of its levels.
You also visited: Sewer and Ossuary.

You collected 239 gold pieces.

Inventory:

Hand Weapons
 a - a +0 vampiric rapier (weapon)
 b - a +2 heavy dagger
 z - a +0 short sword
 C - a +1 dagger of protection
 H - a +0 antimagic arbalest
Missiles
 q - 12 poisoned darts (quivered)
 E - 11 atropa-tipped darts
Armour
 d - an orb of light
 e - a +3 leather armour (worn)
 f - a +0 robe
 j - a +0 buckler
 v - a +1 pair of boots (worn)
 x - the +0 scale mail of Qecacs {Dex+2 Slay+6}
   (You found it on level 3 of the Dungeon)

   Dex:       It affects your dexterity (+2).
   Slay:      It affects your accuracy & damage with ranged weapons and melee
   (+6).
Jewellery
 h - an amulet of guardian spirit (around neck)
 D - a ring of poison resistance (left hand)
Wands
 m - a wand of digging (4)
 y - a wand of roots (9)
Scrolls
 g - 3 scrolls of identify {@r1}
 k - a scroll of fear {unknown}
 l - 2 scrolls of fog
 n - 3 scrolls of blinking {unknown}
 u - a scroll of enchant armour
 w - 4 scrolls of magic mapping {unknown}
 G - a scroll of enchant weapon {unknown}
Potions
 c - a potion of ambrosia
 i - 4 potions of magic
 o - 7 potions of curing {@q2}
 p - a potion of haste {unknown}
 r - 3 potions of flight
 s - 2 potions of heal wounds {@q1}
 t - a potion of might
 A - a potion of lignification {unknown}
 B - a potion of berserk rage {unknown}
 F - a potion of resistance {unknown}
 I - 2 potions of attraction {unknown}


   Skills:
 + Level 7.5 Fighting
 - Level 4.0 Short Blades
 + Level 7.9 Armour
 - Level 3.6 Dodging
 - Level 10.2 Stealth


You had 9 spell levels left.
You didn't know any spells.
Your spell library was empty.

Dungeon Overview and Level Annotations

Branches:
Dungeon (6/15)              Sewer (visited)         Ossuary (visited)
 Temple: D:4-7

Altars:
Ashenzari
Elyvilon
Nemelex Xobeh
Uskayaw
Zin
The Shining One

Shops:
D:1 (   D:4 !


Innate Abilities, Weirdness & Mutations

You are small and have problems with some larger weapons.
You are completely attuned to the shadows.
You are dopey. (Int -2)
You are strong-willed. (Will+)
You are covered in fur. (AC +1)


Message History

The troll misses you. The troll claws you. The troll barely misses you.
You hit the troll.
You feel better.
The troll is heavily wounded.
The troll closely misses you. The troll claws you but does no damage.
The troll claws you.
You hit the troll.
The troll is heavily wounded.
The troll bites you but does no damage. The troll barely misses you.
The troll misses you.
You hit the troll.
The troll is severely wounded.
The troll closely misses you. x2; The troll claws you but does no damage.
You hit the troll but do no damage.
The troll is heavily wounded.
The troll bites you but does no damage. The troll claws you!
The troll closely misses you.
You closely miss the troll.
The troll is heavily wounded.
The troll misses you. The troll claws you but does no damage.
The troll barely misses you.
You hit the troll.
The troll is severely wounded.
The troll bites you. The troll claws you but does no damage.
The troll misses you.
You closely miss the troll.
The troll is severely wounded.
The troll misses you. The troll claws you but does no damage.
The troll closely misses you.
You hear a distant slurping noise.
You hit the troll.
The troll is severely wounded.
The troll bites you but does no damage. The troll misses you.
The troll claws you!
* * * LOW HITPOINT WARNING * * *
You barely miss the troll.
The troll is severely wounded.
The troll bites you!
* * * LOW HITPOINT WARNING * * *
The troll misses you. The troll claws you.
You die...

#### #...# ..# #...#
#.# #...##
#####.###### #...##
...........####...#.
..)#.#.s....##..s'J
.###T#.##..(..##...#.
....@..##......#...##
####.######........#
#)# ########## #.#
#.# #.# ## ####.# #.
#. .....# ####. #.###
####.# #....


You could see a troll.

Vanquished Creatures
  A cyclops (D:6)
  The ghost of sigtrap the Magician, a novice GnHW (D:5)
  A water moccasin (D:4)
  2 sky beasts
  2 ice beasts
  3 ogres
  2 phantoms
  2 kobold brigands (Sewer)
  3 scorpions (D:6)
  5 water moccasin zombies (Ossuary)
  3 hounds
  A gnoll bouda (D:5)
  5 orc priests
  4 orc wizards
  Jessica (D:3)
  Natasha (thrice) (D:2)
  2 sleepcaps (D:6)
  An iguana (D:5)
  2 mummies (Ossuary)
  8 gnolls
  13 adders
  A shadow imp (D:5)
  5 adder zombies (Ossuary)
  A worm (D:4)
  A dart slug (D:2)
  11 orcs
  7 bats
  8 endoplasms
  5 giant cockroaches
  4 goblins
  6 hobgoblins
  9 jackals
  10 kobolds
  4 quokkas
  11 ball pythons
  14 frilled lizards
  2 gnoll zombies (Ossuary)
  2 hobgoblin zombies (Ossuary)
  4 kobold zombies (Ossuary)
  5 orc zombies (Ossuary)
  9 rats
184 creatures vanquished.

Notes
Turn   | Place    | Note
-------+----------+-------------------------------------------
     0 | D:1      | Edyrem the Kobold Monk began the quest for the Orb.
     0 | D:1      | Reached XP level 1. HP: 14/14 MP: 1/1
   251 | D:1      | Found Oschieca's Weapon Emporium.
   333 | D:1      | Reached skill level 1 in Stealth
   345 | D:1      | Reached XP level 2. HP: 19/19 MP: 2/2
   417 | D:1      | Reached skill level 1 in Armour
   419 | D:1      | Reached skill level 2 in Stealth
   762 | D:1      | Reached XP level 3. HP: 23/23 MP: 3/3
   949 | D:2      | Noticed Natasha
   951 | D:2      | Killed Natasha
   952 | D:2      | Reached skill level 3 in Stealth
   952 | D:2      | Reached XP level 4. HP: 28/28 MP: 4/4
  1006 | D:2      | Noticed Natasha
  1015 | D:2      | Killed Natasha
  1016 | D:2      | Reached skill level 4 in Stealth
  1335 | D:2      | Reached XP level 5. HP: 32/32 MP: 5/5
  1340 | D:2      | Noticed Natasha
  1353 | D:2      | Killed Natasha
  1761 | D:3      | Found a glowing drain.
  1770 | D:3      | Reached skill level 5 in Stealth
  1805 | Sewer    | Entered a sewer
  1825 | Sewer    | Reached XP level 6. HP: 37/37 MP: 4/6
  1966 | Sewer    | Reached skill level 6 in Stealth
  2026 | Sewer    | Found a glowing silver altar of Zin.
  2408 | D:3      | Identified the +0 scale mail of Qecacs {Dex+2 Slay+6}
  2412 | D:3      | Reached XP level 7. HP: 38/41 MP: 7/7
  2455 | D:3      | Found a hide-covered altar of Uskayaw.
  2458 | D:3      | Noticed a +0 falchion
  2459 | D:3      | Noticed a +0 spear
  2459 | D:3      | Noticed a +0 dagger
  2459 | D:3      | Noticed a +0 falchion
  2460 | D:3      | Noticed a +0 short sword
  2461 | D:3      | Noticed a +0 dagger
  2471 | D:3      | Noticed a +0 spear
  2474 | D:3      | Noticed a +0 short sword
  2478 | D:3      | Noticed Jessica
  2485 | D:3      | Killed Jessica
  2903 | D:4      | Reached skill level 7 in Stealth
  3087 | D:4      | Found a sand-covered staircase.
  3095 | Ossuary  | Entered an ossuary
  3352 | Ossuary  | Reached skill level 8 in Stealth
  3390 | Ossuary  | Reached XP level 8. HP: 13/46 MP: 2/8
  3854 | D:4      | Found Waipasas's Distillery.
  3912 | D:4      | Reached skill level 5 in Armour
  4055 | D:4      | Reached skill level 9 in Stealth
  4073 | D:4      | Found a glowing golden altar of the Shining One.
  4073 | D:4      | Found a glowing silver altar of Zin.
  4074 | D:4      | Found a white marble altar of Elyvilon.
  4510 | D:5      | Entered Level 5 of the Dungeon
  4944 | D:5      | HP: 2/46 [iguana (4)]
  5171 | D:5      | Reached skill level 10 in Stealth
  5294 | D:5      | Reached XP level 9. HP: 39/52 MP: 6/9
  5397 | D:5      | Found a broken altar of Ashenzari.
  5406 | D:5      | Found a sparkling altar of Nemelex Xobeh.
  5888 | D:5      | Found a runed translucent door.
  6094 | D:5      | Noticed sigtrap's ghost (novice GnHW)
  6131 | D:5      | Gained mutation: You are covered in fur. (AC +1) [potion of
                  | mutation]
  6131 | D:5      | Gained mutation: You are dopey. (Int -2) [potion of
                  | mutation]
  6131 | D:5      | Gained mutation: You are strong-willed. (Will+) [potion of
                  | mutation]
  6143 | D:5      | Killed sigtrap's ghost
  6144 | D:5      | Reached skill level 5 in Fighting
  6345 | D:6      | HP: 2/55 [orc priest/+0 hand axe (1)]
  6755 | D:6      | Noticed a cyclops
  6759 | D:6      | Killed a cyclops
  6760 | D:6      | Reached XP level 10. HP: 63/63 MP: 10/10
  6918 | D:6      | Slain by a troll

Illustrated notes

Levels and vault maps discovered:
D:1:      ldierk_walled_garden, layout_basic, serial_shops, shop
D:2:      layout_loops_cross, uniq_natasha
D:3:      layout_loops_ring, nicolae_uskayaw_en_pointe, gup_sewer_entry_glass,
          minmay_lizard_king, uniq_jessica
D:4:      layout_basic, good_gods_temple_1, serial_shops, nicolae_square_shop,
          chequers_ossuary_entry_cave
D:5:      layout_gridville, mainiacjoe_overflow_swirl, ebering_ghost_sewer_d,
          minivault_11
D:6:      minmay_opposing_rooms, layout_loops_ring, lemuel_tele_altar,
          kennysheep_mini

Skill      XL: |  1  2  3  4  5  6  7  8  9 |
---------------+----------------------------+-----
Stealth        | 1 2 3 4 5 6 8 10 | 10.2
Armour         | 1 2 3 4 6 7 |  7.9
Fighting       | 7 |  7.5
Short Blades   | |  4.0
Dodging        | |  3.6

Action                     |  1- 3 |  4- 6 |  7- 9 | 10-12 || total
---------------------------+-------+-------+-------+-------++-------
  Melee: Dagger            |    36 |   163 |   476 |     4 ||   679
         Punch             |     1 |     2 |     3 |       ||     6
         Rapier            |       |       |       |    53 ||    53
  Throw: Dart              |       |       |    14 |       ||    14
    Use: Potion            |       |     1 |     4 |       ||     5
         Scroll            |       |       |    10 |     1 ||    11
   Stab: Sleeping          |    10 |     9 |    23 |     1 ||    43
         Distracted        |     1 |       |     4 |       ||     5
 Armour: Leather armour    |     2 |    41 |   152 |    25 ||   220
  Dodge: Dodged            |    16 |   129 |   428 |    66 ||   639
